TOP OF THE 1ST |
Ft. Polk South Thunder Hawks batting - Pitching for Northville Eclipse : RHP John Sparks
|
Pitching: RHP John Sparks
|
|
Batting: LHB Gabriel Obregón
|
0-0: Ball 1-0: Fly out, F9 (Flyball, 89M, EV 87.5 MPH)
|
Batting: LHB Remco Mastenbroek
|
0-0: Ball 1-0: Called Strike 1-1: Ball 2-1: Ball 3-1: Foul Ball, location: 2F 3-2: Strikes out swinging
|
Batting: LHB Jorge Agramunt
|
0-0: Ball 1-0: Ball 2-0: Called Strike 2-1: Ball 3-1: Base on Balls
|
Batting: RHB Aubrey Miller
|
0-0: Foul Ball, location: 2F 0-1: Foul Ball, location: 2F 0-2: Ball 1-2: Ball 2-2: Ball 3-2: Ground out 6-3 (Groundball, 6, EV 107.5 MPH)
|
Top of the 1st over - 0 runs, 0 hits, 0 errors, 1 left on base; Ft. Polk South 0 - Northville 0 |
BOTTOM OF THE 1ST |
Northville Eclipse batting - Pitching for Ft. Polk South Thunder Hawks : LHP Salvador Graciani
|
Pitching: LHP Salvador Graciani
|
|
Batting: RHB Junji Ito
|
0-0: Ball 1-0: Called Strike 1-1: Swinging Strike 1-2: Ball 2-2: Foul Ball, location: 2F 2-2: SINGLE (Groundball, 5, EV 85.0 MPH) (infield hit)
|
Batting: RHB Daniel Marley
|
0-0: Ball 1-0: Fly out, F9 (Line Drive, 9, EV 84.4 MPH)
|
Batting: RHB Ricardo Urby
|
0-0: Foul Ball, location: 2F 0-1: Hit by Pitch Junji Ito to second
|
Batting: LHB Rafael Martínez
|
0-0: Ball 1-0: Ball 2-0: Ball 3-0: Base on Balls Junji Ito to third Ricardo Urby to second
|
Batting: RHB Lex van Esch
|
0-0: Ball 1-0: Ball 2-0: Ball 3-0: Called Strike 3-1: Swinging Strike 3-2: Fly out, F9 (Flyball, 9S, EV 93.1 MPH)
|
Batting: RHB Rafael Manawis
|
0-0: Ball 1-0: Ball 2-0: Fielders Choice at 2nd, 5-4 (Groundball, 5L, EV 83.8 MPH)
|
Bottom of the 1st over - 0 runs, 1 hit, 0 errors, 3 left on base; Ft. Polk South 0 - Northville 0 |
TOP OF THE 2ND |
Ft. Polk South Thunder Hawks batting - Pitching for Northville Eclipse : RHP John Sparks
|
Batting: LHB Tim Carson
|
0-0: Foul Ball, location: 2F 0-1: SOLO HOME RUN (Flyball, 9D, EV 100.6 MPH), Distance : 394 ft
|
Batting: SHB Francisco Daulong
|
0-0: Foul Ball, location: 2F 0-1: Foul Ball, location: 2F 0-2: Strikes out swinging, 2-3 out at first.
|
Batting: RHB Tora Tora
|
0-0: Ball 1-0: Called Strike 1-1: Swinging Strike 1-2: Strikes out swinging
|
Batting: RHB Dermott Mann
|
0-0: Ball 1-0: Fly out, F8 (Flyball, 8RXD, EV 96.9 MPH)
|
Top of the 2nd over - 1 run, 1 hit, 0 errors, 0 left on base; Ft. Polk South 1 - Northville 0 |
BOTTOM OF THE 2ND |
Northville Eclipse batting - Pitching for Ft. Polk South Thunder Hawks : LHP Salvador Graciani
|
Batting: RHB Bastien Oudin
|
0-0: Swinging Strike 0-1: Ball 1-1: Fly out, F6 (Popup, 6M, EV 61.2 MPH)
|
Batting: LHB John Kersey
|
0-0: Called Strike 0-1: Ball 1-1: Ball 2-1: Ball 3-1: Base on Balls
|
Batting: RHB Eduardo Cruz
|
0-0: Ball 1-0: Ball 2-0: Ball 3-0: Called Strike 3-1: Foul Ball, location: 2F 3-2: Base on Balls John Kersey to second
|
Batting: RHB Junji Ito
|
0-0: Ball 1-0: SINGLE (Groundball, 3S, EV 94.4 MPH) (infield hit) John Kersey to third Eduardo Cruz to second
|
Batting: RHB Daniel Marley
|
0-0: Foul Ball, location: 2F 0-1: Ball 1-1: Foul Ball, location: 2F 1-2: Ball 2-2: SINGLE (Line Drive, 78M, EV 110.6 MPH) John Kersey scores Eduardo Cruz to third Junji Ito to second Runner from 3rd tries for Home, SAFE, no throw by LF
|
Batting: RHB Ricardo Urby
|
0-0: Ball 1-0: Called Strike 1-1: Fly out, F9 (Line Drive, 9, EV 97.5 MPH)
|
Batting: LHB Rafael Martínez
|
0-0: Foul Ball, location: 2F 0-1: Called Strike 0-2: Fly out, F4 (Line Drive, 4, EV 73.1 MPH)
|
Bottom of the 2nd over - 2 runs, 2 hits, 0 errors, 2 left on base; Ft. Polk South 1 - Northville 2 |
TOP OF THE 3RD |
Ft. Polk South Thunder Hawks batting - Pitching for Northville Eclipse : RHP John Sparks
|
Batting: RHB Jasper Humphrey
|
0-0: Bunted foul 0-1: Swinging Strike 0-2: Ball 1-2: Strikes out swinging
|
Batting: LHB Gabriel Obregón
|
0-0: Fly out, F8 (Line Drive, 8RM, EV 100.0 MPH)
|
Batting: LHB Remco Mastenbroek
|
0-0: Called Strike 0-1: Ball 1-1: Called Strike 1-2: Ball 2-2: Foul Ball, location: 2F 2-2: Foul Ball, location: 2F 2-2: Fly out, F7 (Flyball, 7, EV 96.2 MPH)
|
Top of the 3rd over - 0 runs, 0 hits, 0 errors, 0 left on base; Ft. Polk South 1 - Northville 2 |
BOTTOM OF THE 3RD |
Northville Eclipse batting - Pitching for Ft. Polk South Thunder Hawks : LHP Salvador Graciani
|
Batting: RHB Lex van Esch
|
0-0: Called Strike 0-1: Ball 1-1: Ball 2-1: SINGLE (Flyball, 89S, EV 91.2 MPH)
|
Batting: RHB Rafael Manawis
|
0-0: Ball 1-0: 2-RUN HOME RUN (Flyball, 8RXD, EV 96.2 MPH), Distance : 462 ft
|
Batting: RHB Bastien Oudin
|
0-0: Ground out 5-3 (Groundball, 56, EV 102.5 MPH)
|
Batting: LHB John Kersey
|
0-0: Ball 1-0: Ground out 4-3 (Groundball, 4, EV 76.9 MPH)
|
Batting: RHB Eduardo Cruz
|
0-0: Ball 1-0: Ball 2-0: Called Strike 2-1: Foul Ball, location: 2F 2-2: Ball 3-2: Base on Balls
|
Batting: RHB Junji Ito
|
0-0: Ball 1-0: Ball 2-0: Ball 3-0: Called Strike 3-1: Swinging Strike 3-2: SINGLE (Groundball, 34D, EV 101.2 MPH) Eduardo Cruz to second Eduardo Cruz to third
|
Batting: RHB Daniel Marley
|
0-0: Called Strike 0-1: Ball 1-1: Swinging Strike 1-2: Ball 2-2: Foul Ball, location: 2F 2-2: Ground out 5-3 (Groundball, 56S, EV 94.4 MPH)
|
Bottom of the 3rd over - 2 runs, 3 hits, 0 errors, 2 left on base; Ft. Polk South 1 - Northville 4 |
TOP OF THE 4TH |
Ft. Polk South Thunder Hawks batting - Pitching for Northville Eclipse : RHP John Sparks
|
Batting: LHB Jorge Agramunt
|
0-0: Ball 1-0: Swinging Strike 1-1: Ball 2-1: SINGLE (Groundball, 6MD, EV 106.9 MPH)
|
Batting: RHB Aubrey Miller
|
0-0: Called Strike 0-1: Ball 1-1: Grounds into double play, 6-4-3 (Groundball, 6, EV 83.8 MPH)
|
Batting: LHB Tim Carson
|
0-0: Ball 1-0: Fly out, F8 (Line Drive, 8RM, EV 87.5 MPH)
|
Top of the 4th over - 0 runs, 1 hit, 0 errors, 0 left on base; Ft. Polk South 1 - Northville 4 |
BOTTOM OF THE 4TH |
Northville Eclipse batting - Pitching for Ft. Polk South Thunder Hawks : LHP Salvador Graciani
|
Batting: RHB Ricardo Urby
|
0-0: Foul Ball, location: 2F 0-1: Ground out 2-3 (Groundball, 2L, EV 71.9 MPH)
|
Batting: LHB Rafael Martínez
|
0-0: Ball 1-0: Ball 2-0: Ball 3-0: Base on Balls
|
Batting: RHB Lex van Esch
|
0-0: Ball 1-0: Grounds into double play, 6-4-3 (Groundball, 6, EV 98.8 MPH)
|
Bottom of the 4th over - 0 runs, 0 hits, 0 errors, 0 left on base; Ft. Polk South 1 - Northville 4 |
TOP OF THE 5TH |
Ft. Polk South Thunder Hawks batting - Pitching for Northville Eclipse : RHP John Sparks
|
Batting: SHB Francisco Daulong
|
0-0: Called Strike 0-1: Ball 1-1: Ball 2-1: Ball 3-1: Fly out, F8 (Flyball, 78S, EV 86.2 MPH)
|
Batting: RHB Tora Tora
|
0-0: Called Strike 0-1: Foul Ball, location: 2F 0-2: Ball 1-2: Foul Ball, location: 2F 1-2: Strikes out looking
|
Batting: RHB Dermott Mann
|
0-0: Swinging Strike 0-1: Ball 1-1: Fly out, F7 (Flyball, 7S, EV 83.1 MPH)
|
Top of the 5th over - 0 runs, 0 hits, 0 errors, 0 left on base; Ft. Polk South 1 - Northville 4 |
BOTTOM OF THE 5TH |
Northville Eclipse batting - Pitching for Ft. Polk South Thunder Hawks : LHP Salvador Graciani
|
Batting: RHB Rafael Manawis
|
0-0: Ball 1-0: Ball 2-0: Ground out 4-3 (Groundball, 4, EV 85.0 MPH)
|
Batting: RHB Bastien Oudin
|
0-0: Ball 1-0: Called Strike 1-1: Ball 2-1: Ball 3-1: Base on Balls
|
Batting: LHB John Kersey
|
0-0: SINGLE (Line Drive, 78S, EV 109.4 MPH) Bastien Oudin to second Bastien Oudin to third
|
Batting: RHB Eduardo Cruz
|
0-0: Foul Ball, location: 2F 0-1: SINGLE (Line Drive, 5D, EV 96.9 MPH) Bastien Oudin scores John Kersey to second
|
Batting: RHB Junji Ito
|
0-0: Fielders Choice at 2nd, 6-4 (Groundball, 6, EV 88.1 MPH) John Kersey to third
|
Batting: RHB Daniel Marley
|
0-0: Foul Ball, location: 2F 0-1: Foul Ball, location: 2F 0-2: Strikes out swinging
|
Bottom of the 5th over - 1 run, 2 hits, 0 errors, 2 left on base; Ft. Polk South 1 - Northville 5 |
TOP OF THE 6TH |
Ft. Polk South Thunder Hawks batting - Pitching for Northville Eclipse : RHP John Sparks
|
Batting: RHB Jasper Humphrey
|
0-0: Called Strike 0-1: Foul Ball, location: 2F 0-2: Ball 1-2: Ball 2-2: Ground out 6-3 (Groundball, 6, EV 85.0 MPH)
|
Batting: LHB Gabriel Obregón
|
0-0: Ball 1-0: Foul Ball, location: 2F 1-1: Ball 2-1: Ball 3-1: Base on Balls
|
Batting: LHB Remco Mastenbroek
|
0-0: Called Strike 0-1: Foul Ball, location: 2F 0-2: Ball 1-2: Fly out, F8 (Flyball, 78D, EV 83.8 MPH)
|
Batting: LHB Jorge Agramunt
|
0-0: Swinging Strike 0-1: Foul Ball, location: 2F 0-2: Ball 1-2: Strikes out swinging
|
Top of the 6th over - 0 runs, 0 hits, 0 errors, 1 left on base; Ft. Polk South 1 - Northville 5 |
BOTTOM OF THE 6TH |
Northville Eclipse batting - Pitching for Ft. Polk South Thunder Hawks : LHP Salvador Graciani
|
Batting: RHB Ricardo Urby
|
0-0: Ball 1-0: Ball 2-0: Swinging Strike 2-1: Swinging Strike 2-2: Foul Ball, location: 2F 2-2: Foul Ball, location: 2F 2-2: Foul Ball, location: 2F 2-2: Fly out, F3 (Line Drive, 3, EV 66.9 MPH)
|
Batting: LHB Rafael Martínez
|
0-0: Ball 1-0: Called Strike 1-1: Ball 2-1: Ball 3-1: Foul Ball, location: 2F 3-2: Fly out, F8 (Flyball, 8RS, EV 85.6 MPH)
|
Batting: RHB Lex van Esch
|
0-0: Ball 1-0: Foul Ball, location: 2F 1-1: Ball 2-1: SINGLE (Line Drive, 78S, EV 99.4 MPH)
|
Pitching: RHP Jeremy Bearimy
|
|
Batting: RHB Rafael Manawis
|
0-0: Ball 1-0: Foul Ball, location: 2F 1-1: Swinging Strike 1-2: Strikes out looking
|
Bottom of the 6th over - 0 runs, 1 hit, 0 errors, 1 left on base; Ft. Polk South 1 - Northville 5 |
TOP OF THE 7TH |
Ft. Polk South Thunder Hawks batting - Pitching for Northville Eclipse : RHP John Sparks
|
Batting: RHB Aubrey Miller
|
0-0: Called Strike 0-1: Ground out 6-3 (Groundball, 6, EV 80.0 MPH)
|
Batting: LHB Tim Carson
|
0-0: Ball 1-0: Ball 2-0: Ball 3-0: Foul Ball, location: 2F 3-1: Base on Balls
|
Pitching: LHP Ryson Polonius
|
|
Batting: SHB Francisco Daulong
|
0-0: Called Strike 0-1: Foul Ball, location: 2F 0-2: SINGLE (Line Drive, 8RS, EV 100.0 MPH) Tim Carson to second
|
Batting: RHB Tora Tora
|
0-0: Ball 1-0: Ball 2-0: Grounds into double play, 5-4-3 (Groundball, 56, EV 86.2 MPH)
|
Top of the 7th over - 0 runs, 1 hit, 0 errors, 1 left on base; Ft. Polk South 1 - Northville 5 |
BOTTOM OF THE 7TH |
Northville Eclipse batting - Pitching for Ft. Polk South Thunder Hawks : RHP Jeremy Bearimy
|
Batting: RHB Bastien Oudin
|
0-0: Ball 1-0: Swinging Strike 1-1: Swinging Strike 1-2: Strikes out swinging
|
Batting: LHB John Kersey
|
0-0: Called Strike 0-1: Swinging Strike 0-2: Strikes out swinging
|
Batting: RHB Eduardo Cruz
|
0-0: Foul Ball, location: 2F 0-1: Foul Ball, location: 2F 0-2: Fly out, F7 (Line Drive, 7, EV 90.0 MPH)
|
Bottom of the 7th over - 0 runs, 0 hits, 0 errors, 0 left on base; Ft. Polk South 1 - Northville 5 |
TOP OF THE 8TH |
Ft. Polk South Thunder Hawks batting - Pitching for Northville Eclipse : LHP Ryson Polonius
|
Batting: RHB Dermott Mann
|
0-0: Fly out, F7 (Flyball, 7D, EV 98.1 MPH)
|
Batting: RHB Jasper Humphrey
|
0-0: Ball 1-0: Ball 2-0: Foul Ball, location: 2F 2-1: Ball 3-1: SINGLE (Groundball, 6MD, EV 95.0 MPH)
|
Batting: LHB Gabriel Obregón
|
0-0: Foul Ball, location: 2F 0-1: Fly out, F9 (Flyball, 9D, EV 109.4 MPH)
|
Batting: LHB Remco Mastenbroek
|
0-0: Ball 1-0: Called Strike 1-1: Ball 2-1: Fly out, F7 (Flyball, 7S, EV 78.1 MPH)
|
Top of the 8th over - 0 runs, 1 hit, 0 errors, 1 left on base; Ft. Polk South 1 - Northville 5 |
BOTTOM OF THE 8TH |
Northville Eclipse batting - Pitching for Ft. Polk South Thunder Hawks : RHP Jeremy Bearimy
|
Batting: RHB Junji Ito
|
0-0: Called Strike 0-1: Fly out, F8 (Line Drive, 8RD, EV 105.0 MPH)
|
Batting: RHB Daniel Marley
|
0-0: Fly out, F7 (Flyball, 78M, EV 92.5 MPH)
|
Batting: RHB Ricardo Urby
|
0-0: Swinging Strike 0-1: Hit by Pitch
|
Batting: LHB Rafael Martínez
|
0-0: Foul Ball, location: 2F 0-1: Ball 1-1: Called Strike 1-2: Ball 2-2: Ball Ricardo Urby steals 2nd base 3-2: Fly out, F9 (Line Drive, 9, EV 98.8 MPH)
|
Bottom of the 8th over - 0 runs, 0 hits, 0 errors, 1 left on base; Ft. Polk South 1 - Northville 5 |
TOP OF THE 9TH |
Ft. Polk South Thunder Hawks batting - Pitching for Northville Eclipse : LHP Ryson Polonius
|
Batting: LHB Jorge Agramunt
|
0-0: Called Strike 0-1: Ball 1-1: Ball 2-1: Foul Ball, location: 2F 2-2: Ball 3-2: Foul Ball, location: 2F 3-2: Ground out 6-3 (Groundball, 56, EV 106.9 MPH)
|
Batting: RHB Aubrey Miller
|
0-0: Ball 1-0: SINGLE (Groundball, 6MD, EV 110.0 MPH)
|
Batting: LHB Tim Carson
|
0-0: Called Strike 0-1: Called Strike 0-2: Ball 1-2: Strikes out swinging
|
Batting: SHB Francisco Daulong
|
0-0: Called Strike 0-1: Called Strike 0-2: Foul Ball, location: 2F 0-2: Ball 1-2: Strikes out looking
|
Top of the 9th over - 0 runs, 1 hit, 0 errors, 1 left on base; Ft. Polk South 1 - Northville 5 |
|